 Dungeon Crawl Stone Soup version 0.28-a0-938-gbc3f381ebc (webtiles) character file.

Game seed: 4993814280470451933

28 ytrimaz the Grave Robber (level 3, 0/24 HPs)
             Began as a Demonspawn Necromancer on Nov 28, 2021.
             Slain by a gnoll (4 damage)
             ... on level 1 of the Dungeon.
             The game lasted 00:01:20 (1688 turns).

ytrimaz the Grave Robber (Demonspawn Necromancer)   Turns: 1688, Time: 00:01:20

Health: 0/24       AC:  5    Str:  8    XL:     3   Next: 0%
Magic:  2/6        EV: 12    Int: 17    God:
Gold:   96         SH:  0    Dex: 13    Spells: 5/6 levels left

rFire   . . .      SeeInvis .   (no weapon)
rCold   . . .      Faith    .   (no shield)
rNeg    . . .      Spirit   .   a - +0 robe
rPois   .          Reflect  .   (no helmet)
rElec   .          Harm     .   g - +0 cloak
rCorr   .          Rampage  .   (no gloves)
Will    .....                   (no boots)
Stlth   ++........              (no amulet)
HPRegen 0.08/turn               (no ring)
MPRegen 0.10/turn               (no ring)

@: no status effects
A: claws 1, thin metallic scales 1
a: no special abilities


You were on level 1 of the Dungeon.
You visited 1 branch of the dungeon, and saw 2 of its levels.

You collected 96 gold pieces.

Inventory:

Armour
 a - a +0 robe (worn)
 g - a +0 cloak (worn)
Scrolls
 b - a scroll of enchant weapon {unknown}
 c - a scroll of noise {unknown}
 d - 2 scrolls of identify {unknown}
 e - a scroll of enchant armour {unknown}
Potions
 f - a potion of heal wounds {unknown}


   Skills:
 + Level 1.8 Dodging
 - Level 1.7 Stealth
 + Level 2.3 Spellcasting
 + Level 5.1 Necromancy


You had 5 spell levels left.
You knew the following spells:

 Your Spells              Type           Power      Damage    Failure   Level
a - Pain                  Necr           76%        1d7       2%          1

Your spell library contained the following spells:

 Spells                   Type           Power      Damage    Failure   Level
 Animate Skeleton         Necr           38%        N/A       2%          1
 Vampiric Draining        Necr           19%        2d7       7%          3
 Animate Dead             Necr           9%         N/A       22%         4
 Agony                    Necr           19%        N/A       52%         5


Dungeon Overview and Level Annotations

Branches:
Dungeon (2/15)

Altars:


Innate Abilities, Weirdness & Mutations

You have sharp fingernails.
You are partially covered in thin metallic scales. (AC +2)


Message History

Nothing appears to happen.
The kobold barely resists.
The kobold throws a stone.
The stone barely misses you.
The kobold hits you with a +0 short sword.
A gnoll comes into view. It is wielding a +0 flail.
The kobold writhes in agony.
The kobold hits you with a +0 short sword.
The kobold writhes in agony.
You kill the kobold!
A gnoll comes into view. It is wielding a +0 spear.
You have reached level 3!
Your experience leads to an increase in your attributes!
Increase (S)trength, (I)ntelligence, or (D)exterity?
You feel clever.
Your demonic ancestry asserts itself...
Your fingernails lengthen.
Your magical contamination has completely faded away.
A gnoll comes into view. It is wielding a +0 club.
The gnoll closely misses you.
The gnoll shouts!
There is a stone staircase leading up here.
The gnoll hits you with a +0 flail.
You climb upwards.
There is a stone staircase leading down here.
The gnoll barely misses you.
Casting: Pain (safe; 2% risk of failure)
Confirm with . or Enter, or press ? or * to list all spells.
Aiming: Pain (safe; 2% risk of failure)
Press: ? - help, Shift-Dir - straight line, f - gnoll
Aim: a gnoll, wielding a +0 flail (chance to affect: 84%)
The gnoll barely resists.
The gnoll hits you with a +0 flail!
* * * LOW HITPOINT WARNING * * *
Casting: Pain (safe; 2% risk of failure)
Confirm with . or Enter, or press ? or * to list all spells.
Aiming: Pain (safe; 2% risk of failure)
Press: ? - help, Shift-Dir - straight line, f/p - gnoll
Aim: a gnoll, wielding a +0 flail (chance to affect: 84%)
The gnoll writhes in agony.
The gnoll closely misses you.
Unknown command.
The gnoll hits you with a +0 flail.
You die...

#................# ##.########
#.##.###.####.#### #.........#
#.##.# #.# ##'## #.....###.#
#.##.###.###...## #.###.# #.#
#.##..##.##.....## #.###.# #.#
#.#.#.##.#.......## #.#.#.###.#
#.....##..........###.........#
(.................'.).....#####
#..............g@.####....####
###.#.####.......###.........#
####.# ##.....## #.####.##.#
#....# ##...## #.# #.##.#
#.#### ##'## #.# ##.##.# #.#
#.# #.###..##.# #.# #.#
#.........# ##.### ##.##
#####.##### .....### ##...##
#.#


You could see a gnoll.

Vanquished Creatures
  A dart slug (D:1)
  6 ball pythons
  2 giant cockroaches (D:1)
  3 goblins (D:1)
  A hobgoblin (D:1)
  3 quokkas (D:1)
  A bat (D:1)
  2 frilled lizards
  3 kobolds
  3 rats (D:1)
25 creatures vanquished.

Notes
Turn   | Place    | Note
-------+----------+-------------------------------------------
     0 | D:1      | ytrimaz the Demonspawn Necromancer began the quest for the
                  | Orb.
     0 | D:1      | Reached XP level 1. HP: 13/13 MP: 3/3
    88 | D:1      | Found a faded altar of an unknown god.
   408 | D:1      | Gained mutation: You are partially covered in thin metallic
                  | scales. (AC +2) [demonic ancestry]
   408 | D:1      | Reached XP level 2. HP: 15/19 MP: 0/5
   890 | D:1      | Reached skill level 5 in Necromancy
  1649 | D:2      | Gained mutation: You have sharp fingernails. [demonic
                  | ancestry]
  1649 | D:2      | Reached XP level 3. HP: 12/24 MP: 0/6
  1688 | D:1      | Slain by a gnoll

Illustrated notes

Levels and vault maps discovered:
D:1:      roderic_crossed_star, layout_loops_corners, basic_ecumenical_altar,
          amcnicky_mini_pool_small
D:2:      layout_basic, serial_shops, nicolae_shop_behind_doors, basic_altar,
          uniq_natasha, uniq_sigmund, uniq_robin

Skill      XL: |  1  2 |
---------------+-------+-----
Necromancy     | 5 |  5.1
Dodging        | |  1.8
Stealth        | |  1.7
Spellcasting   | |  2.3

Action                   || total
-------------------------++-------
Melee: Unarmed           ||     2
 Cast: Pain              ||    50
Armor: Robe              ||     5
Dodge: Dodged            ||    12

Table legend: (Time is in decaauts)
 A = Elapsed time spent in this place.
 B = Non-inter-level travel time spent in this place.
 C = Inter-level travel time spent in this place.
 D = Time resting spent in this place.
 E = Time spent auto-exploring this place.
 F = Levels seen in this place.
 G = Mean time per level.
                   A        B        C        D        E       F      G
               +--------+--------+--------+--------+--------+-----+--------+
         Total |   1688 |   1666 |     22 |      0 |   1472 |   2 |  844.0 |
       Dungeon |   1688 |   1666 |     22 |      0 |   1472 |   2 |  844.0 |
               +--------+--------+--------+--------+--------+-----+--------+

Top non-repeatable levels by time:
     D:1: 1611 daAuts
     D:2: 76 daAuts
